[Event "*** Titled Tuesday Blitz"]
[Site "Chess.com"]
[Date "2021.03.30"]
[Round "2"]
[White "louis198"]
[Black "dropstoneDP"]
[Result "0-1"]
[WhiteElo "2581"]
[BlackElo "2948"]
[TimeControl "180+1"]
[EndTime "10:18:46 PDT"]
[Termination "dropstoneDP won by resignation"]

1. d4 c6 2. c4 Nf6 3. Nc3 d5 4.
Nf3 e6 5. e3 Nbd7 6. cxd5 exd5 7. Bd3 Bd6 8. h3 Qe7 9. O-O Ne4 10.
Bxe4 dxe4 11. Nd2 Nf6 12. Nc4 Bc7 13. f3 Be6 14. Nd2 exf3 15. Qxf3 O-O-O 16. Nde4 Nxe4 17. Nxe4 Bd5 18. Qf5+ Kb8 19. Nc3 Bc4 20. Rf3 g6 21. Qc2 f5 22. b3 Ba6 23. a4 Qd6 24. Rf4 g5 25. Ba3 Qe6 26. Rf3 f4 27. exf4 gxf4 28.
Bc5 Rhg8 29. Qf2 Rg3 30. d5 cxd5 31. Bxa7+ Ka8 32. Bd4 Qxh3 33. Nb5 Bb8 34. Rxg3 Qxg3 35. Qxg3 fxg3 36. Bb6 Rc8 37. b4 Rc4 38. Bc5 b6 39.
Bxb6 Rxb4 40. Nc7+ Kb7 41. Bc5 Rc4 42. Nxa6 Kxa6 43.
Be3 Be5 44. Rd1 Rxa4 45. Kf1 d4 46. Bd2 Kb5 47. Ke2 Kc4 48. Rc1+ Kd5 49. Rb1 Ke4 50. Be1 Ra1 51. Rb3 Ra2+ 52. Kf1 d3 53. Rb4+ Kf5 54. Rb5 Ra1 55. Rd5 Ke4 56. Rd8 Bc3 57.
Re8+ Kf5 58. Rf8+ Kg6 59. Re8 d2 60. Re6+ Kf7 0-1

[Event "*** Titled Tuesday Blitz"]
[Site "Chess.com"]
[Date "2021.03.30"]
[Round "2"]
[White "Irina_Baraeva"]
[Black "Das_Virus_2020"]
[Result "0-1"]
[WhiteElo "2278"]
[BlackElo "2476"]
[TimeControl "180+1"]
[EndTime "10:18:46 PDT"]
[Termination "Das_Virus_2020 won on time"]

1. d4 Nf6 2. c4 c5 3. d5 b5 4. cxb5 a6 5. bxa6 g6 6. Nc3 Bxa6 7. e4 Bxf1 8. Kxf1 d6 9. g3 Nbd7 10. Kg2 Bg7 11. Nf3 O-O 12. a4 Qb6 13. Qc2 Rfb8 14.
Nb5 Ne8 15. Bd2 Nc7 16. Nxc7 Qxc7 17. Bc3 Qb7 18. Rhb1 Qb3 19. Qxb3 Rxb3 20. Nd2 Rb7 21. Bxg7 Kxg7 22. Nc4 Nb6 23. b3 Nxc4 24. bxc4 Rxb1 25. Rxb1 Rxa4 26. Rb7 Kf6 27. h4 Rxc4 28. Kf3 h6 29. Rc7 Rc2 30. Ke3 h5 31. f3 Rc3+ 32. Ke2 c4 33. Kf2 Rc1 34. Ke3 c3 35. f4 c2 36. Kd2 Rg1 37. Kxc2 Rxg3 38. Kd2 Rh3 39. e5+ dxe5 40. fxe5+ Kxe5 41. Rxe7+ Kxd5 42. Rxf7 Rxh4 43. Ke3 Rg4 44. Kf3 Ke5 45. Ra7 Kf6 46. Ra5 Kg7 47. Ra6 Kh6 48. Rb6 Rc4 49. Rb5 h4 50. Kg2 g5 51. Ra5 Kh5 52. Ra8 Rc2+ 53. Kg1 h3 54. Ra4 g4 55. Ra8 Kh4 56. Ra3 Rd2 57. Rb3 Rg2+ 58. Kh1 Ra2 59. Kg1 Rd2 60. Kh1 g3 61. Rb4+ Kg5 62. Rb5+ Kf4 63. Rb4+ Kf3 64. Rb1 Kf2 0-1

[Event "*** Titled Tuesday Blitz"]
[Site "Chess.com"]
[Date "2021.03.30"]
[Round "2"]
[White "Zmof"]
[Black "RobPeresian"]
[Result "0-1"]
[WhiteElo "2206"]
[BlackElo "2429"]
[TimeControl "180+1"]
[EndTime "10:18:47 PDT"]
[Termination "RobPeresian won by resignation"]

1. e4 c5 2. Nf3 d6 3. Bb5+ Bd7 4. Bxd7+ Qxd7 5. O-O Nc6 6. c3 d5 7. e5 e6 8. d4 Nge7 9. Be3 Ng6 10. Nbd2 cxd4 11.
cxd4 Be7 12. Rc1 O-O 13. Qe2 f6 14. exf6 Bxf6 15. Nb3 b6 16. Qb5 Rac8 17. Rc3 Rc7 18. Rfc1 Rfc8 19. a4 Qd6 20. g3 h6 21. h4 Nge7 22.
a5 Nxa5 23. Nxa5 Rxc3 24. Rxc3 Rxc3 25. bxc3 bxa5 26. Qxa5 Nc6 27. Qa6 Qc7 28. Bf4 Qb6 29.
Qc8+ Kf7 30. Qd7+ Be7 31. Bd6 Qd8 32. Qxc6 Bxd6 33. h5 Qc7 34. Qa6 Qb6 35. Qc8 Qb1+ 36. Kg2 Qe4 37. Qd7+ Be7 38. Qxa7 Kf6 39. Qc7 Kf7 40. Qe5 Qxe5 41. Nxe5+ Kf6 42. f4 Ba3 43. c4 Bb2 44. cxd5 exd5 45. Nc6 Ke6 46. Kf3 Kd6 47. Nd8 Bxd4 48. Nf7+ Ke6 49. Nh8 Bf6 50. g4 Kd6 51. Nf7+ Ke6 52. Nh8 Kd6 53. Ke3 Kc5 54. Kd3 d4 55.
Nf7 Kd5 56. g5 hxg5 57. fxg5 Be7 58. g6 Bf6 59. Nd8 Ke5 60. Nc6+ Kf5 61. Nxd4+ Bxd4 62.
Kxd4 Kg5 63. h6 Kxh6 64. Ke4 Kxg6 65. Kf4 Kh5 66. Kg3 Kg5 67. Kf3 Kh4 0-1

[Event "*** Titled Tuesday Blitz"]
[Site "Chess.com"]
[Date "2021.03.30"]
[Round "2"]
[White "GAusal"]
[Black "Tenamu"]
[Result "0-1"]
[WhiteElo "2046"]
[BlackElo "2394"]
[TimeControl "180+1"]
[EndTime "10:18:49 PDT"]
[Termination "Tenamu won on time"]

1. e4 e6 2. Nc3 d5 3. d4 Nf6 4. Bg5 Bb4 5. e5 h6 6. exf6 hxg5 7. fxg7 Rg8 8. a3 Bxc3+ 9. bxc3 Rxg7 10. Nf3 Nd7 11. c4 c6 12. h3 b6 13. cxd5 cxd5 14.
Bb5 a6 15. Bxd7+ Bxd7 16. Ne5 Bb5 17. a4 Bc4 18. Qh5 Qe7 19. Qh8+ Qf8 20. Qxf8+ Kxf8 21. Nd7+ Ke7 22. Nxb6 Rb8 23. Nxc4 dxc4 24. Kd2 g4 25. h4 g3 26. f3 Kd6 27. Rab1 Rxb1 28. Rxb1 Kd5 29. c3 Rh7 30. Rh1 f5 31. Ke3 e5 32.
dxe5 Kxe5 33. f4+ Kf6 34. Kf3 Rd7 35. Kxg3 Rd3+ 36. Kf2 Rxc3 37. h5 Kg7 38. h6+ Kh7 39.
Rh5 Rc2+ 40. Kf3 Rc3+ 41. Kf2 Rc2+ 42. Kg3 c3 43. Kh2 Ra2 44. Rxf5 c2 45. Rc5 Kxh6 46. Kg3 Kg6 47. Kg4 Kf6 48. g3 a5 49. Rc6+ Ke7 50.
Kf5 Kd7 51. Rc3 Kd6 52. g4 Kd5 53. g5 Kd4 54. Rc8 Kd3 55. Kf6 Rxa4 56. Rxc2 Kxc2 57. f5 Rg4 58. g6 a4 59. Kf7 a3 60. f6 a2 61. g7 a1=Q 62. Ke7 Rxg7+ 63. fxg7 Qxg7+ 0-1

[Event "*** Titled Tuesday Blitz"]
[Site "Chess.com"]
[Date "2021.03.30"]
[Round "2"]
[White "Airquake"]
[Black "anasta10"]
[Result "0-1"]
[WhiteElo "2663"]
[BlackElo "2495"]
[TimeControl "180+1"]
[EndTime "10:18:50 PDT"]
[Termination "anasta10 won on time"]

1. e4 e6 2. d4 d5 3. Nd2 c5 4. exd5 Qxd5 5. Ngf3 Nf6 6. Bc4 Qd8 7. O-O Nc6 8. dxc5 Bxc5 9. c3 O-O 10. Qe2 h6 11. Ne4 Be7 12. Rd1 Qc7 13. Bd3 Rd8 14. Nxf6+ Bxf6 15. Qe4 e5 16. b3 g6 17. Bxh6 Bf5 18. Qe3 Rxd3 19. Rxd3 e4 20. Bf4 Qe7 21.
Nd4 exd3 22. Nxf5 gxf5 23. Qxd3 Bg7 24. h3 Qf6 25. Rc1 Re8 26. Qg3 Re4 27. c4 Qg6 28.
Qf3 Rxf4 29. Qxf4 Bh6 30. Qc7 Bxc1 31. Qxb7 Bf4 32. b4 Qe6 33. g3 Bg5 34. b5 Nd4 35.
c5 Qe1+ 36. Kg2 Qe4+ 37. Qxe4 fxe4 38. c6 Bd8 39. g4 Bc7 40. Kf1 Kg7 41. Ke1 Kf6 42.
Kd2 Ke5 43. Kc3 Ba5+ 44. Kc4 Ne6 45. h4 Kf4 46. h5 Kg5 47. Kd5 Bb6 48. Kxe4 Bxf2 49.
Kd5 Bb6 50. Kd6 Nf4 51. Ke7 f6 52. Kf7 Nd5 53. Kg7 Bd4 54. Kf7 Be5 55. Ke6 Nc7+ 56. Kd7 Nxb5 57. a4 Nc3 58. c7 Bxc7 59. Kxc7 Nxa4 60.
Kd6 Nc3 61. Ke6 a5 62. Kf7 a4 63. Kg7 a3 64. h6 a2 65. h7 a1=Q 66. h8=Q Qa7+ 67. Kg8 Qa8+ 68. Kh7 Qxh8+ 0-1

[Event "*** Titled Tuesday Blitz"]
[Site "Chess.com"]
[Date "2021.03.30"]
[Round "2"]
[White "swisspower96"]
[Black "DrVelja"]
[Result "1-0"]
[WhiteElo "2585"]
[BlackElo "2873"]
[TimeControl "180+1"]
[EndTime "10:18:52 PDT"]
[Termination "swisspower96 won by resignation"]

1. d4 f5 2. c4 Nf6 3. Nf3 g6 4. g3 Bg7 5. Bg2 O-O 6. O-O d6 7. Nc3 c6 8. Re1 Ne4 9. Qc2 Nxc3 10. bxc3 e5 11. dxe5 dxe5 12. Ba3 Rf7 13. Rad1 Qe8 14. Bd6 h6 15. c5 e4 16. Nd4 Be6 17. f3 e3 18. f4 Na6 19. Qa4 Rc8 20. Rd3 Bd5 21.
Bxd5 cxd5 22. Qxe8+ Rxe8 23. Nc2 Nc7 24. Nxe3 d4 25. Nc4 dxc3 26. Ne5 Bxe5 27. fxe5 Ne6 28.
Rxc3 f4 29. g4 h5 30. h3 hxg4 31. hxg4 Kg7 32. Rb1 Rh8 33. Rcb3 b6 34. cxb6 axb6 35. Rxb6 Rh4 36. Rb7 Rxg4+ 37. Kf2 Rh4 38. Rxf7+ Kxf7 39. Rb7+ Kg8 40. a4 Rh2+ 41. Kf3 g5 42. a5 Nd4+ 43. Ke4 Nc6 44. a6 Rxe2+ 45. Kd5 f3 46.
Kxc6 f2 47. a7 Ra2 48. Rb1 Rxa7 49. Bc5 Rf7 50. Rf1 g4 51. Rxf2 Rg7 52. Rg2 Rg5 53. Kd5 Kf7 54. Bd4 Rg6 55. Ke4 Ke6 56.
Kf4 g3 57. Rxg3 Rh6 58. Rg4 Kd5 59. Bb2 Rb6 60. Rg2 Rb3 61. Rd2+ Ke6 62. Rd6+ Ke7 63. Bd4 Rb1 64. Ke4 Rf1 65. Kd5 Rd1 66. Ra6 Rd2 67. Ra7+ Kf8 68. Kc5 Ke8 69. e6 Rh2 70. Be5 Ra2 71.
Rxa2 1-0

[Event "*** Titled Tuesday Blitz"]
[Site "Chess.com"]
[Date "2021.03.30"]
[Round "2"]
[White "BursaBBSatranc"]
[Black "malakismayil"]
[Result "1-0"]
[WhiteElo "2606"]
[BlackElo "2324"]
[TimeControl "180+1"]
[EndTime "10:18:52 PDT"]
[Termination "BursaBBSatranc won on time"]

1. d4 Nf6 2. Nf3 e6 3. Bf4 d5 4.
e3 c5 5. c3 Be7 6. Nbd2 O-O 7. Bd3 a6 8. Qe2 Nbd7 9. h4 b5 10.
g4 Bb7 11. g5 Ne4 12. Ne5 Nxe5 13. Bxe5 f6 14. gxf6 Bxf6 15. Bf4 cxd4 16. cxd4 Bxd4 17. Nxe4 dxe4 18. Bb1 Qa5+ 19. Kf1 Bd5 20. Kg2 Bf6 21. a4 Rf7 22. Ba2 b4 23. Rhd1 Raf8 24. Bxd5 exd5 25. Rac1 Bxh4 26. Qg4 Bf6 27. Qe6 Qd8 28. Rxd5 Qe8 29. Qxe8 Rxe8 30. b3 h6 31. Rc6 g5 32. Bg3 Bc3 33. Rxh6 Rg7 34. Rxa6 Rf8 35. Raa5 g4 36. Rg5 Kh7 37. Rh5+ Kg8 38. Rag5 Rf7 39. a5 Ra7 40. Bb8 Rb7 41. Bd6 Bf6 42. Rxg7+ Kxg7 43. Bc5 Rc7 44. Bb6 Rb7 45. Rd5 Kg6 46. Kg3 Be7 47. Kxg4 Bf6 48. Kf4 Kf7 49. Kxe4 Re7+ 50. Kd3 Rb7 51. e4 Bc3 52. Kc4 Ke6 53. Kb5 Rb8 54. f4 Rc8 55. f5+ Kf6 56. a6 Be5 57. a7 Re8 58. Kc6 Bf4 59. Rd7 Rxe4 60. a8=Q Re2 61. Kb5 Kxf5 62. Qd5+ Kg4 63. Qd3 Rg2 64. Rd5 Rg3 65. Qg6+ Kf3 66. Qh5+ Kg2 67. Qe2+ 1-0

[Event "*** Titled Tuesday Blitz"]
[Site "Chess.com"]
[Date "2021.03.30"]
[Round "2"]
[White "AlexOstrovskiy"]
[Black "Balla_Tamas"]
[Result "1-0"]
[WhiteElo "2734"]
[BlackElo "2504"]
[TimeControl "180+1"]
[EndTime "10:18:53 PDT"]
[Termination "AlexOstrovskiy won by resignation"]

1. d4 e6 2. Bf4 f5 3. e3 Nf6 4. h3 b6 5. Nd2 Bb7 6. c3 d6 7. Ngf3 Qe7 8. Qc2 Nbd7 9. g4 g6 10. gxf5 gxf5 11. Rg1 O-O-O 12. O-O-O Bg7 13. Bg5 Qf7 14.
Bd3 Rdf8 15. Bh4 Bh6 16. Bg5 Qh5 17. Bxh6 Qxh6 18. Ng5 Nh5 19. f4 Kb8 20. Qb3 Ng7 21. Bc4 Rf6 22. Rg3 Nh5 23. Rgg1 Ng7 24. Rdf1 Re8 25.
Kb1 Re7 26. Qd1 e5 27. dxe5 dxe5 28. Ndf3 exf4 29. exf4 Rd6 30. Qc1 Nc5 31. Ne5 Ne4 32.
Nxe4 Bxe4+ 33. Ka1 Qf6 34. Rd1 Kb7 35. Rd2 Nh5 36. Rxd6 cxd6 37. Nd3 a6 38. Nb4 a5 39.
Nd5 Bxd5 40. Bxd5+ Kc7 41. Qd1 Nxf4 42. Bf3 Qe5 43.
a3 Qe3 44. Rf1 Nd3 45. a4 Nc5 46. Ka2 Qe6+ 47. Ka3 Qc4 48. b3 Qxc3 49. Qd5 Qb4+ 50. Ka2 Qxb3+ 51. Qxb3 Nxb3 52. Kxb3 Re3+ 53. Kc4 Re5 54.
h4 Rc5+ 55. Kb3 Re5 56. h5 Re3+ 57. Kc4 Re5 58. Bd5 f4 59. h6 Rh5 60. Rxf4 Rxh6 61. Rf7+ Kd8 62. Kb5 Ke8 63. Kc6 Rh5 64. Rb7 Re5 65. Rxb6 Ke7 66. Rb7+ Kf6 67. Kxd6 Re1 68. Rxh7 Rd1 69. Kc5 Ra1 70. Bc6 Ke5 71. Re7+ Kf6 72. Re2 Rc1+ 73. Kb5 1-0

[Event "*** Titled Tuesday Blitz"]
[Site "Chess.com"]
[Date "2021.03.30"]
[Round "2"]
[White "NikolaN98"]
[Black "Eternauta2400"]
[Result "1-0"]
[WhiteElo "2681"]
[BlackElo "2362"]
[TimeControl "180+1"]
[EndTime "10:18:57 PDT"]
[Termination "NikolaN98 won by resignation"]

1. e4 e5 2. Nf3 Nc6 3. Bc4 Nf6 4. d3 Bc5 5. O-O O-O 6. a4 a5 7. Re1 d6 8. c3 Be6 9. Bb5 Ne7 10. d4 Bb6 11. h3 Ng6 12. Bd3 Nh5 13. d5 Bd7 14. Na3 Nhf4 15. Nc4 Ba7 16. Be3 f5 17.
Bxa7 Rxa7 18. exf5 Bxf5 19. Bxf5 Rxf5 20. Kh2 Nh4 21. Nxh4 Qxh4 22. Qg4 Qxg4 23. hxg4 Rf7 24. Red1 b6 25. b4 Ra8 26. bxa5 bxa5 27. f3 h5 28.
gxh5 Nxh5 29. Ne3 Nf6 30. Rab1 Nd7 31. Rb5 Nc5 32. Ra1 Rf4 33. c4 g6 34. Kg3 Rd4 35. Rb2 Kf7 36. Rh1 Kg7 37. Rbb1 Nxa4 38. Rb7 Rc8 39. Ra1 Nc5 40. Ra7 a4 41. Rh1 Rd3 42.
Ng4 e4 43. Kf4 exf3 44. gxf3 Rd4+ 45. Kg5 Nd3 46. Rh6 Nf4 47. Rb7 a3 48. Nf6 a2 49.
Rh7+ Kf8 50. Nd7+ Ke8 51. Nf6+ Kf8 52. Ra7 Rd2 53. Rh8+ Kg7 54. Rxc8 Nh3+ 55. Kh4 Kxf6 56. Kxh3 Rb2 57. Kg3 Ke5 58. Rcxc7 Kd4 59. Rc8 g5 60. Rca8 Rb4 61. Rxa2 Rxc4 62. R8a4 Kxd5 63. Rxc4 Kxc4 64.
Kg4 d5 65. Kxg5 Kb3 66. Ra8 d4 67. Rd8 Kc2 68. f4 d3 69. f5 d2 70. f6 d1=Q 71. Rxd1 Kxd1 72. f7 1-0

[Event "*** Titled Tuesday Blitz"]
[Site "Chess.com"]
[Date "2021.03.30"]
[Round "2"]
[White "DanilovVladimir"]
[Black "Reader777"]
[Result "0-1"]
[WhiteElo "2490"]
[BlackElo "2708"]
[TimeControl "180+1"]
[EndTime "10:19:03 PDT"]
[Termination "Reader777 won on time"]

1. d4 Nf6 2. c4 e6 3. Nc3 Bb4 4. Bg5 h6 5. Bh4 d5 6. e3 O-O 7. Nf3 c5 8. cxd5 exd5 9. Bd3 Nc6 10. a3 Bxc3+ 11. bxc3 c4 12. Bc2 g5 13. Bg3 Ne4 14. Bxe4 dxe4 15. Ne5 Nxe5 16. Bxe5 f6 17. Bg3 Qd5 18.
h4 g4 19. h5 Kg7 20. Bf4 b5 21. a4 a6 22. axb5 axb5 23. Rxa8 Qxa8 24. d5 Rd8 25. d6 Qa3 26. O-O Qxc3 27. Qd5 Qd3 28. Qxb5 c3 29. Qc5 Bd7 30. Qc7 c2 31. Qxd8 Qxf1+ 32. Kh2 Qb5 33.
Qe7+ Kg8 34. Kg3 c1=Q 35. Qxf6 Qxh5 36. Be5 Qg5 37. Qh8+ Kf7 38. Qh7+ Ke6 39. Bf4 Qf6 40.
Qg8+ Qf7 41. Qh8 Qc5 42. Qxh6+ Kd5 43. Qg5+ Kc6 44. Qd8 Kb5 45. Qb8+ Qb6 46. Qh8 Ka6 47.
Qa8+ Kb5 48. Qxe4 Qc4 49. Qb1+ Kc6 50. Qh7 Qbc5 51. e4 Qc3+ 52. Be3 Q3xe3+ 53. fxe3 Qxe3+ 54. Kh4 Qf2+ 55. Kg5 Qe3+ 56. Kf6 Qf4+ 57. Kg7 Qe5+ 58. Kf8 Qxd6+ 59. Qe7 Qh6+ 60. Qg7 Qf4+ 61. Ke7 Qxe4+ 62.
Kf7 Qxg2 63. Qf6+ Kb7 64. Kg7 Qd5 65. Qb2+ Bb5 66. Qf6 Qd7+ 67. Kh6 Bc6 68. Kg5 Bf3 69. Qb2+ Kc6 0-1

[Event "*** Titled Tuesday Blitz"]
[Site "Chess.com"]
[Date "2021.03.30"]
[Round "2"]
[White "BJthechessgod"]
[Black "KNCP_719"]
[Result "0-1"]
[WhiteElo "2317"]
[BlackElo "2629"]
[TimeControl "180+1"]
[EndTime "10:19:10 PDT"]
[Termination "KNCP_719 won by resignation"]

1. d4 d5 2. Bf4 c5 3. e3 cxd4 4. exd4 Nc6 5. Nf3 Nf6 6. c3 Bf5 7. Nbd2 e6 8. Be2 Bd6 9. Bg3 h6 10. Ne5 O-O 11. O-O Ne4 12. Nxe4 Bxe4 13. Nxc6 bxc6 14.
Bxd6 Qxd6 15. f4 c5 16. Bf3 Qxf4 17. dxc5 Qe3+ 18. Kh1 Bxf3 19. Rxf3 Qxc5 20. Qd2 Rab8 21.
Raf1 f5 22. Qe2 Rf6 23. g4 Qc4 24. Qe5 Rxb2 25. gxf5 Qe2 26. Qg3 exf5 27. Rg1 Rb7 28. Re3 Qh5 29. Qe5 Kh7 30. Qxd5 Rbf7 31. Qg2 Qh4 32.
Rg3 g5 33. Rh3 Qe4 34. Qxe4 fxe4 35. Re3 Rf4 36. Rge1 Re7 37. Kg2 Kg6 38. Kg3 Kf5 39.
h3 h5 40. Rd1 Re5 41. Rd8 Re6 42. Rd5+ Kf6 43. Ra5 a6 44. c4 Rc6 45. c5 h4+ 46.
Kg2 Ke5 47. Rb3 Kd5 48. Rc3 Rf5 49. Rc1 Kd4 50. Rd1+ Ke3 51. Re1+ Kd3 52. Ra3+ Kd4 53. Rd1+ Kxc5 54. Re3 Kb6 55. Rxe4 Rc2+ 56. Kg1 Rc6 57. Rb4+ Rb5 58. Rg4 Rcc5 59. Rd6+ Ka5 60. a4 Rb2 61.
Rd1 Re5 62. Rf1 Rb4 63. Rg2 Rxa4 64. Kh2 Rb4 65. Rfg1 Rbb5 66. Ra1+ Kb6 67. Rga2 a5 68.
Rd1 Rec5 69. Rd6+ Rc6 70. Rdd2 Ka6 71. Ra4 Rcc5 72. Rd6+ Rb6 73. Rd2 Rb4 74. Raa2 Kb5 75. Rd8 a4 76. Rb8+ Kc4 77. Rc2+ Kb3 78. Rxb4+ Kxb4 79. Ra2 a3 80. Rg2 Kb3 81. Rf2 Rc2 82. Kg2 Rxf2+ 83. Kxf2 a2 84. Kf3 a1=Q 0-1

[Event "*** Titled Tuesday Blitz"]
[Site "Chess.com"]
[Date "2021.03.30"]
[Round "2"]
[White "Sam_ChessMood"]
[Black "Keks2017"]
[Result "1/2-1/2"]
[WhiteElo "2859"]
[BlackElo "2469"]
[TimeControl "180+1"]
[EndTime "10:19:10 PDT"]
[Termination "Game drawn by repetition"]

1. Nf3 Nf6 2. g3 g6 3. Bg2 Bg7 4. O-O O-O 5. c4 d6 6. d4 Nbd7 7. Nc3 e5 8. Qc2 Re8 9. Rd1 c6 10.
h3 Qc7 11. b3 a6 12. e3 e4 13. Nd2 d5 14. Ba3 b5 15. Rac1 Qb8 16. cxd5 cxd5 17. Ne2 Bf8 18. Bxf8 Nxf8 19. Qc7 Qxc7 20. Rxc7 Ne6 21.
Rc2 Bb7 22. Rdc1 Rac8 23. b4 Rxc2 24. Rxc2 Rc8 25. Rxc8+ Bxc8 26. Nb3 Kf8 27. Nc5 Nc7 28. Nc3 Ke7 29. g4 h6 30. f3 exf3 31. Bxf3 Kd6 32. Kf2 Ne6 33. Kg3 Nd8 34. a3 Nc6 35. Nd3 g5 36.
Nc5 Ne7 37. e4 dxe4 38. N3xe4+ Nxe4+ 39. Nxe4+ Ke6 40. Nc5+ Kd6 41. Be4 Nd5 42. Nd3 Nc3 43.
Bf3 Nb1 44. Ne5 f6 45. Nf7+ Ke7 46. Nxh6 Nxa3 47. Be4 Nc4 48. Kf2 a5 49. bxa5 Nxa5 50. Ng8+ Kf7 51. Bd5+ Kg7 52. Ne7 Bd7 53. Ke3 Kf8 54.
Nf5 Bxf5 55. gxf5 Ke7 56. Kd3 Kd6 57. Bf7 Nc6 58. Be8 Ne7 59. Bxb5 Nxf5 60. Ke4 Ne7 61. Bc4 f5+ 62. Kf3 Nc6 63. Ke3 Ne7 64. Bb3 Nd5+ 65.
Kf3 Nf6 66. Bc2 Ke6 67. Bb3+ Kd6 68. Bf7 Nd7 69. Bc4 Nf6 70. Ke3 Nd5+ 71. Kf3 Nf6 72. Ba2 Nd5 73. Bb1 Ke6 74. Bc2 Kf6 75. Bb3 Ne7 76.
Ke3 Ng6 77. Kf3 Ne7 78. Ke3 Ng6 79. Kf3 Ne7 1/2-1/2

[Event "*** Titled Tuesday Blitz"]
[Site "Chess.com"]
[Date "2021.03.30"]
[Round "2"]
[White "ApacheSVD"]
[Black "mbojan"]
[Result "1/2-1/2"]
[WhiteElo "2420"]
[BlackElo "2660"]
[TimeControl "180+1"]
[EndTime "10:19:11 PDT"]
[Termination "Game drawn - insufficient material"]

1. e4 g6 2. d4 Bg7 3. Nc3 d6 4.
Nf3 a6 5. Be3 b5 6. a3 Bb7 7.
Bd3 Nd7 8. Qd2 c5 9. O-O Rc8 10. Rfe1 cxd4 11. Bxd4 Bxd4 12. Nxd4 Ngf6 13. Qh6 Rc5 14.
Nd5 e6 15. Nxf6+ Qxf6 16. Nb3 Rh5 17. Qe3 O-O 18. f4 g5 19. Rf1 gxf4 20. Rxf4 Qg7 21. Raf1 Rg5 22. g3 Rg6 23. Qf2 Ne5 24. Qe2 f5 25.
Nd4 fxe4 26. Rxf8+ Qxf8 27. Rxf8+ Kxf8 28. Bxe4 Bc8 29. Bxg6 hxg6 30. a4 bxa4 31. b3 a3 32. Nf3 Nc6 33.
Ng5 Ke7 34. c4 Nb4 35. Qf2 a2 36. Qf7+ Kd8 37. Qf6+ Kc7 38. Qa1 Bb7 39. Nxe6+ Kd7 40. Nd4 Be4 41. Kf2 a5 42. Ne2 Bb1 43. Nc3 Nc2 44.
Qb2 a1=Q 45. Qxa1 Nxa1 46. Nxb1 Nxb3 47. Ke3 Ke6 48. Kd3 a4 49. Kc3 Nc5 50. Kb4 Ke5 51. Nc3 Kd4 52. h4 Nd3+ 53. Kxa4 Kxc3 54. Kb5 Nc5 55.
g4 Ne4 56. h5 gxh5 57. gxh5 Kd4 58. Kc6 Ke5 59. h6 Nf6 60. Kb5 Kd4 61. Kc6 Ke5 62.
Kb5 Ke6 63. Kc6 Ke7 64. Kc7 Ke6 65. Kc6 Nh7 66. Kb5 Kd7 67. c5 d5 68. c6+ Kc7 69.
Kc5 Nf6 70. h7 Nxh7 71. Kxd5 Nf6+ 72. Kc4 Kxc6 1/2-1/2

[Event "*** Titled Tuesday Blitz"]
[Site "Chess.com"]
[Date "2021.03.30"]
[Round "2"]
[White "MarkoPe"]
[Black "Mikhal867"]
[Result "1/2-1/2"]
[WhiteElo "2194"]
[BlackElo "2412"]
[TimeControl "180+1"]
[EndTime "10:19:12 PDT"]
[Termination "Game drawn - insufficient material"]

1. e4 g6 2. d4 Bg7 3. Be3 d6 4. Qd2 a6 5. a4 b6 6. Bd3 Nc6 7.
Ne2 Nf6 8. f3 Bb7 9. Nbc3 Nb4 10. O-O O-O 11. Kh1 c5 12. d5 Nd7 13. Bh6 Ne5 14.
Bxg7 Kxg7 15. f4 Nexd3 16. cxd3 b5 17. axb5 axb5 18. Rxa8 Qxa8 19. Nxb5 Qa5 20. Nbc3 Ba6 21. d4 Rb8 22. dxc5 Qxc5 23. Rc1 Nd3 24. Rc2 Nf2+ 25. Kg1 Nxe4+ 26. Qd4+ Qxd4+ 27. Nxd4 Nxc3 28. bxc3 Rb1+ 29.
Kf2 Bc4 30. Nc6 Kf6 31. Nb4 Rd1 32. g4 Bxd5 33. Ke2 Rh1 34. Nxd5+ Ke6 35. Ne3 Rxh2+ 36. Kf3 Rh3+ 37. Ke4 h5 38. f5+ gxf5+ 39. gxf5+ Kd7 40.
Ra2 Rh4+ 41. Kd3 e6 42. Ra7+ Ke8 43. c4 Rf4 44. fxe6 fxe6 45. Rh7 h4 46. Ng2 Rf3+ 47.
Ke4 Rg3 48. Nxh4 d5+ 49. cxd5 exd5+ 50. Kxd5 Rd3+ 51. Ke6 Re3+ 52. Kf5 Rh3 53. Kf6 Kd8 54. Ke6 Kc8 55. Rh5 Kc7 56. Rc5+ Kb6 57. Rc4 Re3+ 58. Kd5 Rd3+ 59. Ke4 Rh3 60. Nf5 Rh1 61. Ne3 Rh4+ 62.
Kd3 Rh8 63. Nd5+ Kb5 64. Nc3+ Kb6 65. Ne4 Kb5 66. Nd6+ Ka5 67. Kc3 Kb6 68. Kb4 Ka7 69. Ne4 Kb6 70. Nc5 Kc6 71. Ne6+ Kd5 72. Nf4+ Ke5 73. Kc5 Rc8+ 74. Kb4 Rxc4+ 75. Kxc4 1/2-1/2

[Event "*** Titled Tuesday Blitz"]
[Site "Chess.com"]
[Date "2021.03.30"]
[Round "2"]
[White "Tea99"]
[Black "Slovak_fighter2000"]
[Result "0-1"]
[WhiteElo "2296"]
[BlackElo "2482"]
[TimeControl "180+1"]
[EndTime "10:19:13 PDT"]
[Termination "Slovak_fighter2000 won by checkmate"]

1. e4 e6 2. d4 d5 3. Nc3 Nf6 4. e5 Nfd7 5. f4 c5 6. Nf3 Nc6 7. Be3 Be7 8. dxc5 Bxc5 9. Nd4 a6 10. Qd2 Nxd4 11. Bxd4 b5 12. Be2 Qb6 13. O-O-O Bxd4 14. Qxd4 Nc5 15. Bf3 b4 16. Ne2 a5 17. f5 Bd7 18.
Rhe1 a4 19. Kb1 Rb8 20. Nf4 b3 21. cxb3 axb3 22. a3 Ra8 23. fxe6 fxe6 24. Rc1 Na4 25. Qxb6 Nxb6 26. Rc3 Nc4 27. Re2 Rb8 28. Nd3 O-O 29. Nc5 Rfd8 30. Rxb3 Rxb3 31. Nxb3 Rb8 32. Ka2 g5 33. Nc5 Bc8 34. h3 Rb5 35. b4 Kf7 36. Bh5+ Ke7 37. Rf2 Nxe5 38. Re2 Kd6 39. Be8 Rb8 40.
Ba4 Nc4 41. Bb3 Nb6 42. Rd2 Bd7 43. Ne4+ Ke7 44. Nxg5 h6 45. Nf3 Rg8 46. g4 Kd6 47.
Nd4 e5 48. Nf5+ Bxf5 49. gxf5 Rf8 50. Bc2 Nc4 51. Rf2 e4 52. f6 Ke6 53. Bb3 Ne5 54. Rd2 Nd3 55. Bc2 Ne5 56. Bb3 Rd8 57. f7 Nxf7 58.
b5 Ke5 59. b6 e3 60. Re2 Ke4 61. b7 Nd6 62. Bc2+ Kd4 63. b8=Q Rxb8 64. Bb3 Ne4 65. Rb2 Nc3+ 66. Ka1 e2 67. Rxe2 Nxe2 68. Ba2 Nc3 69. a4 Rb4 70. h4 Rxa4 71. h5 Rxa2# 0-1

[Event "*** Titled Tuesday Blitz"]
[Site "Chess.com"]
[Date "2021.03.30"]
[Round "2"]
[White "ChessWarrior7197"]
[Black "scarabee43"]
[Result "1-0"]
[WhiteElo "2896"]
[BlackElo "2567"]
[TimeControl "180+1"]
[EndTime "10:19:16 PDT"]
[Termination "ChessWarrior7197 won by checkmate"]

1. d4 Nf6 2. Nf3 e6 3. c4 b6 4. g3 Bb7 5. Bg2 d5 6. cxd5 Nxd5 7. O-O Nd7 8. Bg5 Be7 9. Bxe7 Qxe7 10. Nbd2 O-O 11.
Rc1 c5 12. Qa4 Rfc8 13. Rfd1 a6 14. Qa3 cxd4 15. Qxe7 Nxe7 16. Nxd4 Bxg2 17. Kxg2 Rxc1 18. Rxc1 Rc8 19. Rxc8+ Nxc8 20. Kf3 Kf8 21. e4 Ke7 22. Ke3 Nd6 23. f4 f6 24. b4 e5 25. Nc6+ Ke6 26. h4 b5 27. Nb3 Nc4+ 28. Kd3 f5 29. Nc5+ Nxc5+ 30. bxc5 exf4 31. gxf4 g6 32. Nd4+ Kf6 33. e5+ Ke7 34. Nc6+ Ke6 35. Nd4+ Kd5 36. c6 Nb6 37. c7 Nc8 38. h5 Ne7 39. h6 b4 40. e6 Kd6 41. Nf3 Kxc7 42. Ng5 Kd6 43. Kc4 Ng8 44.
Kxb4 Nxh6 45. Ka5 Ng8 46. Nxh7 Kxe6 47. Kxa6 Ne7 48. a4 Kd6 49. Kb7 Nc6 50. Kb6 Nb4 51.
a5 Nd5+ 52. Kb7 Nxf4 53. a6 Nd5 54. a7 Nc7 55. Ng5 f4 56. Ne4+ Kd7 57. Nf6+ Kd8 58.
Nd5 Nxd5 59. a8=Q+ Kd7 60. Qa6 Ne7 61. Qf6 Ke8 62.
Qxf4 Nd5 63. Qe4+ Ne7 64. Kc7 Kf7 65. Kd7 Nf5 66. Qe5 Ng7 67. Qe7+ Kg8 68. Qf6 Kh7 69. Ke7 Nf5+ 70. Kf7 Nh6+ 71. Kf8 Nf5 72. Qg5 Nh6 73. Qe7+ Kh8 74. Qg7# 1-0

[Event "*** Titled Tuesday Blitz"]
[Site "Chess.com"]
[Date "2021.03.30"]
[Round "2"]
[White "Alliswell998"]
[Black "tandaleo"]
[Result "0-1"]
[WhiteElo "2633"]
[BlackElo "2349"]
[TimeControl "180+1"]
[EndTime "10:19:19 PDT"]
[Termination "tandaleo won by checkmate"]

1. e4 e5 2. Nf3 Nc6 3. Bc4 Bc5 4. c3 Nf6 5. d3 d6 6. Bb3 Bb6 7. h3 O-O 8. Nbd2 Nh5 9. Nc4 Nf4 10. Bxf4 exf4 11.
Nxb6 axb6 12. O-O Qf6 13. d4 Qg6 14. Kh1 Qxe4 15. Re1 Qg6 16. Qd2 Qh6 17. Re4 Na5 18.
Bd1 Nc4 19. Qe2 d5 20. Re7 Bg4 21. Bb3 Bxf3 22. Qxf3 Nd2 23. Qxd5 c6 24. Qe5 Nxb3 25. Re1 Na5 26. b3 f3 27. Re4 fxg2+ 28. Kxg2 g6 29. Rf4 Qg7 30. Qe3 b5 31. h4 h5 32. Kh1 b6 33. Qf3 Rfb8 34. Kg2 Rf8 35. Rc7 Rac8 36. Ra7 Rce8 37. Rc7 g5 38. Rf5 gxh4+ 39. Kh2 Re1 40. Qg2 Qxg2+ 41. Kxg2 Re6 42. Rxh5 Rg6+ 43. Kh3 Kg7 44.
Rxh4 Rh6 45. f4 Rxh4+ 46. Kxh4 Kf6 47. Kg4 Rg8+ 48. Kf3 Rh8 49. Ke4 Rh3 50. b4 Nc4 51. Rxc6+ Ke7 52. Kf5 Nd6+ 53. Kg4 Re3 54. Rc7+ Ke6 55.
Ra7 Kd5 56. f5 Rxc3 57. f6 Rc4 58. a3 Rxd4+ 59. Kg5 Ke6 60. Ra6 Rd5+ 61. Kf4 Kxf6 62. Ke3 Ke6 63. Rxb6 f5 64. Kf4 Rd4+ 65. Kf3 Ke5 66.
Ra6 Rd3+ 67. Kf2 Ke4 68. a4 bxa4 69. Rxa4 f4 70. b5+ Ke5 71. b6 Rb3 72. Ra6 Nc4 73.
b7 Rxb7 74. Rh6 Ke4 75. Rh8 Ne5 76. Re8 Rb2+ 77. Ke1 Kd4 78. Kf1 f3 79. Rf8 Ke3 80. Kg1 Rb1+ 81. Kh2 f2 82. Re8 f1=Q 83. Rxe5+ Kd4 84.
Rg5 Qh1+ 85. Kg3 Rg1+ 86. Kf4 Qe4# 0-1